Map: Catalyst LE

Players

Trizztein

  • Race: Terran Terran
  • League: Diamond
  • Spawn Location: 11:00

A.I. 1 (Very Easy) - Winner!

  • Race: Terran Terran
  • Spawn Location: 5:00

VOD

Have the link to the VOD?

Description

Time

  • Played on: July 4, 2018, 7:44 a.m.
  • Length: 10:09
Show
View Real Time Build Order
Export as new Build Order

Trizztein Terran 

Build Orders: Reaper Expand, Mech 

Get SALT Encoding   

  12  0:00  SCV  
  13  0:13  SCV  
  14  0:17  Supply Depot  
  14  0:25  SCV  
  15  0:29  Refinery  
  15  0:39  SCV  
  16  0:46  Barracks  
  16  0:51  SCV  
  17  1:03  SCV  
  18  1:15  SCV  
  19  1:33  Orbital Command, Reaper  
  20  1:48  Command Center  
  20  1:54  Refinery  
  20  1:59  SCV  
  21  2:06  Supply Depot  
  21  2:08  Reaper  
  21  2:12  SCV  
  23  2:23  Factory  
  23  2:28  SCV  
  24  2:41  Barracks Reactor  
  24  2:42  SCV  
  25  2:54  SCV  
  26  2:59  Orbital Command  
  26  3:06  SCV  
  26  3:08  Starport, Cyclone  
  30  3:17  Marine x2  
  30  3:18  SCV  
  33  3:26  SCV  
  34  3:30  SCV  
  35  3:34  Marine  
  35  3:35  Marine, Supply Depot  
  35  3:38  SCV  
  35  3:40  Factory Tech Lab  
  38  3:42  SCV  
  38  3:45  Starport Tech Lab  
  39  3:50  SCV  
  39  3:52  Marine x2  
  39  3:54  SCV  
  43  3:58  Supply Depot  
  43  4:00  Siege Tank  
  43  4:02  SCV  
  47  4:06  SCV  
  47  4:08  Raven  
  50  4:14  SCV  
  51  4:20  Command Center  
  51  4:23  SCV  
  52  4:29  Refinery, SCV  
  52  4:30  Refinery  
  53  4:34  Siege Tank  
  53  4:35  SCV  
  57  4:39  Supply Depot  
  57  4:43  SCV  
  58  4:48  SCV  
  58  4:51  Viking  
  61  4:55  SCV  
  62  5:00  SCV  
  62  5:01  Factory, Supply Depot  
  63  5:07  SCV  
  63  5:11  Siege Tank  
  63  5:12  SCV  
  68  5:19  SCV  
  69  5:23  Supply Depot  
  69  5:27  SCV  
  70  5:29  Starport Reactor  
  70  5:31  Supply Depot, SCV  
  70  5:32  Orbital Command  
  71  5:37  Armory x2  
  71  5:39  SCV  
  71  5:41  Engineering Bay  
  72  5:44  SCV  
  72  5:46  Hellion  
  72  5:49  Hellion  
  76  5:51  SCV  
  76  5:53  Siege Tank  
  76  5:56  SCV  
  81  5:59  Supply Depot  
  81  6:04  SCV  
  82  6:06  Factory  
  82  6:07  Orbital Command  
  82  6:10  Viking  
  84  6:11  Viking  
  86  6:21  Hellion x2  
  86  6:22  SCV  
  91  6:25  Terran Vehicle Weapons Level 1  
  91  6:28  Terran Vehicle And Ship Armor Level 1  
  91  6:32  Refinery  
  91  6:33  SCV x2  
  91  6:34  SCV  
  91  6:36  Refinery  
  94  6:40  Siege Tank  
  94  6:45  SCV  
  98  6:51  SCV x2  
  100  6:54  Supply Depot  
  100  6:56  Supply Depot  
  100  6:59  Sensor Tower, SCV  
  100  7:00  Hellion  
  100  7:01  Hellion  
  105  7:03  SCV  
  105  7:06  Siege Tank  
  109  7:11  SCV x2  
  109  7:12  Hellion  
  109  7:15  Viking, SCV  
  116  7:17  Supply Depot  
  116  7:20  Supply Depot  
  116  7:23  SCV  
  116  7:26  Hellion x2  
  116  7:27  Viking  
  125  7:35  Supply Depot  
  125  7:38  Siege Tank  
  125  7:42  Supply Depot  
  125  7:43  Siege Tank  
  129  7:44  Command Center  
  129  7:46  Viking  
  131  7:55  Hellion x2  
  131  7:57  Viking  
  137  8:00  Barracks Reactor  
  137  8:03  Starport  
  137  8:05  Starport  
  137  8:10  Supply Depot x2  
  137  8:11  Supply Depot  
  140  8:16  Viking  
  142  8:22  Starport  
  142  8:23  Siege Tank  
  142  8:35  Siege Tank  
  145  8:48  Hellion x2  
  149  8:52  Starport Tech Lab  
  149  8:55  Hellion  
  151  8:58  Factory  
  151  9:01  Starport Tech Lab  
  151  9:03  Starport Reactor  
  151  9:07  Hellion  
  151  9:09  Hellion x2  
  157  9:12  Command Center  
  157  9:13  Viking x2  
  157  9:14  Viking x3  
  167  9:30  Hellion  
  167  9:31  Hellion  
  173  9:33  Siege Tank  
  176  9:50  Supply Depot  
  176  9:51  Supply Depot  
  176  9:52  Supply Depot  
  175  9:53  Supply Depot  
Show
View Real Time Build Order
Export as new Build Order

A.I. 1 (Very Easy) Terran - Winner!

Build Orders:  

Get SALT Encoding   

  12  0:00  SCV  
  13  0:13  SCV  
  14  0:18  Supply Depot  
  14  0:37  Refinery  
  14  0:43  Barracks  
  14  1:05  Supply Depot  
  14  1:15  SCV  
  15  1:27  SCV  
  15  1:30  Marine  
  17  1:39  SCV  
  18  1:51  SCV  
  19  1:55  Reaper  
  20  2:03  SCV  
  21  2:15  SCV  
  22  2:27  Orbital Command  
  22  4:14  SCV  
  22  4:49  Marine, SCV  
  22  4:51  Refinery  
  24  4:53  Factory  
  24  4:56  Supply Depot  
  24  5:17  SCV  
  24  5:20  Supply Depot  
  25  5:24  Marine  
  26  5:30  SCV  
  27  5:39  Starport  
  27  5:42  SCV  
  25  5:54  SCV  
  26  5:59  Marine  
  27  6:06  SCV  
  27  6:08  Command Center  
  28  6:16  Starport Tech Lab  
  28  6:19  Barracks Tech Lab  
  28  6:36  Raven  
  28  6:39  Marauder  
  32  7:19  Raven  
  32  7:22  SCV  
  35  7:29  SCV  
  36  7:33  Refinery  
  36  7:35  Refinery  
  36  7:36  SCV  
  37  7:43  SCV  
  37  7:50  SCV  
  38  7:57  SCV  
  39  8:05  SCV  
  40  8:12  SCV  
  41  8:19  SCV  
  42  8:26  SCV  
  44  8:34  SCV  
  45  8:41  SCV  
  46  8:48  SCV  
  46  8:55  SCV  
  47  9:03  SCV  
  48  9:10  SCV  
  49  9:36  Medivac  
  49  9:37  Marine  
  52  9:39  Supply Depot  
  52  9:56  Factory Tech Lab  
Tags
 
Composition
Mech
League
Diamond
Matchup
TvT
Race
Terran
Spawn Locations
Cross Positions
Add a new tag
Caveats
  • Supply blocks, unpowered buildings, or Contaminate may cause inaccurate times.
  • Supply counts are checked every 10 seconds.